 Dungeon Crawl Stone Soup version 0.22.1-1-ga44c0e5 (webtiles) character file.

44 Benis312 the Gusty (level 3, 0/26 HPs)
             Began as a Draconian Air Elementalist on Oct 27, 2018.
             Succumbed to an adder's poison
             ... on level 2 of the Dungeon.
             The game lasted 00:05:05 (1022 turns).

Benis312 the Gusty (Draconian Air Elementalist)     Turns: 1022, Time: 00:05:05

Health: 0/26       AC:  5    Str: 10    XL:     3   Next: 41%
Magic:  0/6        EV: 12    Int: 16    God:
Gold:   23         SH:  0    Dex: 11    Spells: 5/6 levels left

rFire    . . .     SeeInvis .   a - +0 dagger
rCold    . . .     Gourm    .   (no shield)
rNeg     + . .     Faith    .   (armour unavailable)
rPois    .         Spirit   .   (helmet restricted)
rElec    .         Reflect  .   (no cloak)
rCorr    .         Harm     .   (no gloves)
MR       .....                  (no boots)
Stlth    ++........             (no amulet)
HPRegen  0.08/turn              c - ring of positive energy
MPRegen  0.10/turn              (no ring)

@: lethally poisoned (0 -> -5), very slightly contaminated
A: unfitting armour, cold-blooded, AC +5
a: no special abilities


You were on level 2 of the Dungeon.
You were hungry.

You visited 1 branch of the dungeon, and saw 2 of its levels.

You collected 23 gold pieces.

Inventory:

Hand Weapons
 a - a +0 dagger (weapon)
Jewellery
 c - a ring of positive energy (left hand)
Scrolls
 d - a scroll of identify
 g - a scroll of immolation
Potions
 e - a potion of degeneration
Comestibles
 b - 2 rations


   Skills:
 + Level 1.8 Dodging
 + Level 2.2 Stealth
 + Level 2.2 Spellcasting
 + Level 1.8 Conjurations
 + Level 3.7 Air Magic


You had 5 spell levels left.
You knew the following spells:

 Your Spells              Type           Power        Failure   Level  Hunger
a - Shock                 Conj/Air       ##..         6%          1    #......

Your spell library contained the following spells:

 Spells                   Type           Power        Failure   Level  Hunger
 Swiftness                Chrm/Air       #.......     14%         2    ###....
 Static Discharge         Conj/Air       ##......     19%         3    ###....
 Airstrike                Air            ##........   41%         4    #####..
 Lightning Bolt           Conj/Air       ##........   87%         5    ######.


Dungeon Overview and Level Annotations

Branches:
Dungeon (2/15)

Altars:

Annotations:
D:2 Terence


Innate Abilities, Weirdness & Mutations

Your plain brown scales are hard. (AC +5)
You cannot fit into any form of body armour.
You are cold-blooded and may be slowed by cold attacks.


Message History

The frilled lizard bites you but does no damage.
The adder bites you.
* * * LOW HITPOINT WARNING * * *
You barely miss the frilled lizard.
The frilled lizard is heavily wounded.
The frilled lizard bites you.
* * * LOW HITPOINT WARNING * * *
The adder bites you but does no damage.
Casting: Shock (safe; 6% risk of failure)
Confirm with . or Enter, or press ? or * to list all spells.
Aiming: Shock (safe; 6% risk of failure)
Press: ? - help, Shift-Dir - straight line, f/p - adder
Aim: an adder (severely wounded) That beam is likely to hit you.
Continue anyway?
Uppercase [Y]es or [N]o only, please.
That beam is likely to hit you.
Continue anyway?
You miscast Shock.
You are very lightly contaminated with residual magic.
Nothing appears to happen.
You die...

...####
#.#**<****
......##
#.#*,,,,,*
#####.(#
#.#*,,,,,*
##(###)#*,,,,,**
#..##.#*,,,,,,*
##.##.#*,,,,,,***
#.@#.#*,,,,,,,,*
##.#S#*#######.#
#.#.# #SS@l...#
#...###@#######
##.K.K..#
#..##### #..#
#..# #..#
**#.K#***
*,....,,*


You could see Terence, 2 adders, a kobold and a frilled lizard.

Vanquished Creatures
  2 adders (D:2)
  An ooze (D:2)
  A dart slug (D:1)
  A leopard gecko (D:1)
  2 giant cockroaches (D:1)
  2 goblins (D:1)
  3 hobgoblins
  3 kobolds (D:1)
  A bat (D:2)
  A frilled lizard (D:1)
  3 rats (D:1)
20 creatures vanquished.

Notes
Turn   | Place    | Note
-------+----------+-------------------------------------------
     0 | D:1      | Benis312 the Draconian Air Elementalist began the quest for
                  | the Orb.
     0 | D:1      | Reached XP level 1. HP: 14/14 MP: 3/3
   268 | D:1      | Reached XP level 2. HP: 18/20 MP: 0/5
   947 | D:2      | Reached XP level 3. HP: 26/26 MP: 0/6
   970 | D:2      | Noticed Terence
  1021 | D:2      | HP: 1/26 [frilled lizard (3)]
  1022 | D:2      | Succumbed to an adder's poison

Skill      XL: |  1 |
---------------+----+-----
Stealth        | 2 |  2.2
Dodging        | |  1.8
Spellcasting   | |  2.2
Conjurations   | |  1.8
Air Magic      | |  3.7

Action                   || total
-------------------------++-------
Melee: Dagger            ||    17
       Tailslap          ||     2
       Unarmed           ||     1
 Cast: Shock             ||    39
  Use: Scroll            ||     3
Armor: Skin              ||    25
Dodge: Dodged            ||    42
